 Dungeon Crawl Stone Soup version 0.23.2-33-g5129a83184 (console) character file.

Game seed: 17551680188705830600

17609 Eclipse the Spear-Bearer (level 11, -6/88 (89) HPs)
             Began as a Demigod Wanderer on July 13, 2019.
             Mangled by a death ooze (25 damage)
             ... in a Gauntlet.
             The game lasted 00:59:30 (17493 turns).

Eclipse the Spear-Bearer (Demigod Wanderer)        Turns: 17493, Time: 00:59:30

HP:   -6/88 (89)    AC:  4    Str: 15    XL:     11   Next: 93%
MP:   25/34         EV: 16    Int: 21    God:
Gold: 504           SH:  0    Dex: 14    Spells: 13/24 levels left

rFire    . . .     SeeInvis .   T - +5 scythe {speed, eviscerate}
rCold    . . .     Gourm    .   (shield currently unavailable)
rNeg     . . .     Faith    .   c - +0 robe
rPois    .         Spirit   .   (helmet restricted)
rElec    .         Reflect  .   w - +0 cloak
rCorr    .         Harm     .   y - +0 pair of gloves
MR       +....     NoTele   +   (no boots)
Stlth    +++.......             (no amulet)
HPRegen  0.24/turn              n - ring of stealth
MPRegen  0.24/turn              C - ring of magical power

@: very slightly contaminated, invisible
A: hooves 1, horns 1, dopey 1, high mp 1
a: no special abilities


You were in a Gauntlet.
You were full.

You visited 2 branches of the dungeon, and saw 12 of its levels.
You also visited: Gauntlet.

You collected 504 gold pieces.

Inventory:

Hand Weapons
 a - a +0 spear of venom
 d - a +0 morningstar
 e - a +0 dagger
 l - a +0 trident
 m - a +0 rapier
 z - a +3 shortbow
 H - a +0 blowgun
 J - a +2 dagger of draining
 L - a +2 whip of electrocution
 N - a +1 dagger of chaos
 T - the +5 scythe "Finisher" (weapon) {speed, eviscerate}
   (You found it on level 9 of the Dungeon)

   Attacks with this weapon are significantly faster.
Missiles
 i - 72 bolts
 B - 237 arrows
 K - 7 poisoned needles
 O - 6 javelins (quivered)
Armour
 c - a +0 robe (worn)
 w - a +0 cloak (worn)
 y - a +0 pair of gloves (worn)
 E - a +0 helmet
Magical Staves
 I - an uncursed staff of summoning
Jewellery
 n - a ring of stealth (left hand)
 p - an uncursed ring of fire
 C - a ring of magical power (right hand)
 D - an uncursed ring of stealth
 W - the ring of Rationality {+Fly rC++ MR- Str+7}
   (You found it on level 10 of the Dungeon)

   [ring of flight]

   It affects your strength (+7).
   It greatly protects you from cold.
   It affects your resistance to hostile enchantments.
   It lets you fly.
 Y - the ring "Foivvyol" {rC+ MR+ Dex+3, unknown}
   (You found it in a Gauntlet)

   [ring of protection from magic]

   It affects your dexterity (+3).
   It protects you from cold.
   It affects your resistance to hostile enchantments.
Wands
 k - a wand of disintegration (10)
 u - a wand of random effects (26)
Scrolls
 b - 4 scrolls of remove curse
 g - 2 scrolls of amnesia
 h - 3 scrolls of teleportation
 j - 4 scrolls of identify
 q - 4 scrolls of magic mapping
 r - 2 scrolls of enchant weapon {unknown}
 s - 3 scrolls of immolation {unknown}
 A - a scroll of noise {unknown}
 P - a scroll of torment {unknown}
 Q - a scroll of random uselessness {unknown}
 R - a scroll of holy word {unknown}
 S - a scroll of brand weapon {unknown}
Potions
 o - a potion of flight
 t - 4 potions of curing
 v - a potion of lignification
 x - a potion of cancellation
 F - a potion of experience
 G - 2 potions of brilliance
 M - a potion of heal wounds
 U - 8 potions of degeneration
 V - a potion of invisibility
 X - 2 potions of magic
Comestibles
 f - 21 rations


   Skills:
 - Level 6.1 Fighting
 * Level 10.5 Polearms
 - Level 7.0 Dodging
 - Level 4.1 Stealth
 - Level 7.0 Spellcasting
 - Level 6.0 Conjurations
   Level 1.7 Charms
 - Level 1.1 Translocations
   Level 1.0 Transmutations
 - Level 3.1 Air Magic
 - Level 3.0 Poison Magic
 - Level 0.4 Evocations


You had 13 spell levels left.
You knew the following spells:

 Your Spells              Type           Power        Failure   Level  Hunger
a - Magic Dart            Conj           ####         1%          1    None
b - Blink                 Tloc           N/A          9%          2    None
c - Conjure Flame         Conj/Fire      ###.....     8%          3    #......
d - Mephitic Cloud        Conj/Pois/Air  ###.....     4%          3    #......
e - Call Imp              Summ           #.......     13%         2    None

Your spell library contained the following spells:

 Spells                   Type           Power        Failure   Level  Hunger
 Throw Frost              Conj/Ice       ###...       3%          2    None
 Confusing Touch          Hex            #.....       9%          1    None
 Freeze                   Ice            #...         9%          1    None
 Slow                     Hex            #.......     13%         2    None
 Gell's Gravitas          Tloc           ##........   17%         3    #......
 Ozocubu's Armour         Chrm/Ice       ##......     19%         3    #......
 Confuse                  Hex            #.......     26%         3    #......
 Throw Icicle             Conj/Ice       ###.....     26%         4    ###....
 Petrify                  Tmut/Erth      #.......     56%         4    ###....
 Summon Ice Beast         Ice/Summ       #.......     65%         4    ###....
 Yara's Violent Unravell  Hex/Tmut       #.........   89%         5    #####..
 Metabolic Englaciation   Hex/Ice        #.........   94%         5    #####..


Dungeon Overview and Level Annotations

Branches:
Dungeon (11/15)            Temple (1/1) D:6            Lair (0/6) D:11
    Orc (0/2) D:10

Shops:
D:6 (   D:9 *

Annotations:
D:5 exclusion: downstairs
D:9 3 runed translucent doors, Atelerd's ghost, novice OpWz
D:11 Sonja Gauntlet 9 transporters, 3 runed translucent doors


Innate Abilities, Weirdness & Mutations

You have an increased reservoir of magic. (+10% MP)
You have large cloven feet.
You have a pair of small horns on your head.
You are dopey. (Int -2)


Message History

The death ooze fails to trigger a net trap.
There is a transporter here.
You enter the transporter and appear at another place.
The death ooze misses you. The death ooze hits you!
Unknown command.
The centaur warrior simulacrum enters a dispersal trap!
The centaur warrior simulacrum blinks!
Something hits the withered plant.
The withered plant is destroyed!
Unknown command.
The death ooze barely misses you. The death ooze closely misses you.
There is a transporter here.
Unknown command.
You enter the transporter and appear at another place.
The death ooze closely misses you. The death ooze hits you!!
* * * LOW HITPOINT WARNING * * *
Unknown command.
Casting: Blink (safe; 9% risk of failure)
Confirm with . or Enter, or press ? or * to list all spells.
You miscast Blink.
You spin around.
The death ooze hits you!!
You die...

##..##≈...............###########
#.# ##.8.....8..................
## ##...............8.....8.....
#≈...###########.............
##...#[#^.#^...#...#########.
#≈...#.P#Z.#...#...#.##©...#.
##...##.P#.P#..#####?.##^.##.
#§§..#.#.P#.P#.#...#?J5#.###.
##§8.#©.#^P#@J##§8©#©##.##J#©
#≈§..#.#.P#.P#.#...###.#.J.#.
##...##.P#.P#Z.######.^##..#.
#≈...#?.#..#^..#...#....##.#.
##...#?#^.#^...#...#########.
#≈...###########.....§.......
##...............8.....8.....
#§.8.§....8........§.........
##...............#≈#≈#≈#≈#≈#§


You could see a death ooze and 2 centaur warrior simulacra.

Vanquished Creatures
  Pikel (D:8)
  2 slime creatures
  The ghost of OdinFK the Geomancer, a novice GrEE (D:5)
  Psyche (D:8)
  2 trolls
  Grinder (D:5)
  Sigmund (D:5)
  A hippogriff (D:9)
  6 yaks (D:10)
  4 wraiths
  2 hungry ghosts
  A water moccasin (D:6)
  6 orc warriors
  A swamp drake (D:10)
  3 sky beasts
  3 slaves (D:8)
  A black bear (D:10)
  A necrophage (D:9)
  3 ogres
  4 phantoms
  The ghost of zuik the Poker, an amateur MfSk (D:3)
  7 centaurs
  A big kobold (D:8)
  4 bullfrogs
  2 wyvern skeletons
  2 centaur zombies
  3 howler monkeys (D:10)
  4 crimson imps
  A quasit (D:9)
  A bullfrog zombie (D:8)
  6 hounds
  A jelly (Gauntlet)
  3 orc priests
  6 orc wizards
  2 bullfrog skeletons
  A centaur skeleton (D:7)
  3 iguanas
  An iron imp (D:8)
  9 worker ants
  Natasha (thrice) (D:4)
  A hound zombie (D:6)
  A hound skeleton (D:4)
  3 gnolls (D:6)
  10 adders
  2 shadow imps
  An ooze (D:7)
  An adder skeleton (D:4)
  4 worms
  3 dart slugs
  5 leopard geckos
  37 orcs
  3 giant cockroaches
  6 goblins
  A hobgoblin (D:3)
  3 jackals
  5 quokkas
  2 ball pythons
  7 bats
  4 frilled lizards
  12 kobolds
  A quokka skeleton (D:4)
  7 rats
225 creatures vanquished.

Vanquished Creatures (others)
  A slave (D:8)
  4 withered plants (Gauntlet)
5 creatures vanquished.

Grand Total: 230 creatures vanquished

Notes
Turn   | Place    | Note
-------+----------+-------------------------------------------
     0 | D:1      | Eclipse the Demigod Wanderer began the quest for the Orb.
     0 | D:1      | Eclipse set off with the following items: a +0 club, a
                  | scroll of teleportation, a +0 robe, a +0 dagger, a ration;
                  | and the following spell memorised: Magic Dart; and the
                  | following spells available to memorise: Blink, Call Imp,
                  | Slow, Conjure Flame, Mephitic Cloud
     0 | D:1      | Reached XP level 1. HP: 14/14 MP: 7/7
  1122 | D:3      | Reached skill level 1 in Conjurations
  1209 | D:3      | Reached XP level 2. HP: 20/20 MP: 6/9
  1215 | D:3      | Noticed zuik's ghost (amateur MfSk)
  1224 | D:3      | Found a runed translucent door.
  1621 | D:2      | Gained mutation: You are dopey. (Int -2) [potion of
                  | mutation]
  1621 | D:2      | Gained mutation: You have a pair of small horns on your
                  | head. [potion of mutation]
  1621 | D:2      | Gained mutation: You have large cloven feet. [potion of
                  | mutation]
  1757 | D:2      | Reached XP level 3. HP: 18/26 MP: 3/10
  2332 | D:2      | Learned a level 2 spell: Blink
  3405 | D:2      | Reached XP level 4. HP: 8/33 MP: 0/12
  3884 | D:3      | Learned a level 3 spell: Conjure Flame
  4023 | D:3      | Found a bloodstained altar of Trog.
  4032 | D:3      | Found an ancient bone altar of Kikubaaqudgha.
  4173 | D:4      | Reached XP level 5. HP: 38/38 MP: 8/13
  4702 | D:4      | Noticed a phantom
  4902 | D:4      | Noticed Natasha
  4912 | D:4      | Killed Natasha
  4919 | D:4      | Noticed Natasha
  4925 | D:4      | Killed Natasha
  4925 | D:4      | Reached XP level 6. HP: 26/46 MP: 1/14
  5019 | D:4      | Reached skill level 1 in Fighting
  5216 | D:4      | Noticed Natasha
  5251 | D:4      | HP: 1/49 [Natasha/magic dart (7)]
  5255 | D:4      | Killed Natasha
  5481 | D:5      | Entered Level 5 of the Dungeon
  5487 | D:5      | Noticed Sigmund
  5788 | D:5      | Learned a level 3 spell: Mephitic Cloud
  5857 | D:5      | Noticed Grinder
  6782 | D:5      | Reached XP level 7. HP: 15/59 MP: 4/15
  7362 | D:6      | Reached skill level 1 in Air Magic
  7362 | D:6      | Reached skill level 1 in Poison Magic
  7431 | D:6      | Found Dihaor's Antique Weapon Shop.
  7547 | D:7      | Found a glowing silver altar of Zin.
  8340 | D:6      | Reached skill level 1 in Dodging
  8620 | D:8      | Reached XP level 8. HP: 25/66 MP: 15/16
  8928 | D:7      | Found a bloodstained altar of Trog.
  9572 | D:8      | Found a snail-covered altar of Cheibriados.
  9616 | D:8      | Reached skill level 5 in Dodging
  9961 | D:8      | Noticed Pikel
 10080 | D:8      | Killed Pikel
 10122 | D:8      | Noticed Psyche
 10476 | D:8      | Killed Psyche
 10476 | D:8      | Reached XP level 9. HP: 55/71 MP: 11/19
 10545 | D:8      | Found a stormy altar of Qazlal.
 10795 | D:6      | Reached skill level 5 in Spellcasting
 11228 | D:6      | Found a staircase to the Ecumenical Temple.
 11961 | Temple   | Entered the Ecumenical Temple
 12096 | D:9      | Found Quutiurph's Demolitions Depot.
 12354 | D:9      | Found a runed translucent gate.
 12354 | D:9      | Found a runed translucent gate.
 12354 | D:9      | Found a runed translucent gate.
 12361 | D:9      | Noticed a deep elf knight
 12407 | D:9      | Noticed Atelerd's ghost (novice OpWz)
 12589 | D:9      | Found the +5 scythe "Finisher" {speed, eviscerate}
 12696 | D:9      | Reached skill level 5 in Conjurations
 13855 | D:10     | Entered Level 10 of the Dungeon
 13935 | D:10     | Found a snail-covered altar of Cheibriados.
 13963 | D:10     | Reached skill level 1 in Polearms
 14187 | D:10     | Reached skill level 2 in Polearms
 14187 | D:10     | Reached XP level 10. HP: 49/78 MP: 24/24
 14312 | D:10     | Reached skill level 3 in Polearms
 14318 | D:10     | Reached skill level 4 in Polearms
 14669 | D:10     | Reached skill level 5 in Polearms
 15017 | D:10     | Reached skill level 6 in Polearms
 15176 | D:10     | Found a staircase to the Orcish Mines.
 15407 | D:10     | Got a twitching platinum ring
 15408 | D:10     | Identified the ring of Rationality {+Fly rC++ MR- Str+7}
                  | (You found it on level 10 of the Dungeon)
 15826 | D:3      | Killed zuik's ghost
 15937 | D:5      | Paralysed by Grinder for 5 turns
 15948 | D:5      | Killed Grinder
 15948 | D:5      | Reached skill level 7 in Polearms
 16175 | D:5      | Found a runed translucent door.
 16175 | D:5      | Noticed OdinFK's ghost (novice GrEE)
 16194 | D:5      | Killed OdinFK's ghost
 16270 | D:5      | Killed Sigmund
 16788 | D:11     | Noticed Sonja
 16794 | D:11     | Reached skill level 8 in Polearms
 16920 | D:10     | Reached skill level 10 in Polearms
 16920 | D:10     | Reached XP level 11. HP: 35/89 MP: 25/25
 16987 | D:11     | Found a gate leading to a gauntlet.
 16998 | Gauntlet | Entered a Gauntlet
 16998 | Gauntlet | Found a transporter.
 17211 | Gauntlet | Found a transporter.
 17212 | Gauntlet | Noticed a death ooze
 17213 | Gauntlet | Found a transporter.
 17217 | Gauntlet | Found a transporter.
 17270 | Gauntlet | Noticed a sixfirhy
 17271 | Gauntlet | Found a runed translucent door.
 17273 | Gauntlet | Found a transporter.
 17274 | Gauntlet | Found a transporter.
 17274 | Gauntlet | Noticed a hell beast
 17275 | Gauntlet | Found a transporter.
 17278 | Gauntlet | Found a transporter.
 17279 | Gauntlet | Found a transporter.
 17281 | Gauntlet | Found a runed translucent door.
 17288 | Gauntlet | Noticed a sixfirhy
 17307 | Gauntlet | Noticed a hell hog
 17312 | Gauntlet | Found a transporter.
 17313 | Gauntlet | Found a transporter.
 17327 | Gauntlet | Learned a level 2 spell: Call Imp
 17348 | Gauntlet | Found a runed translucent door.
 17358 | Gauntlet | Found a transporter.
 17477 | Gauntlet | Got a steaming tin ring
 17493 | Gauntlet | Mangled by a death ooze

Skill      XL: |  1  2  3  4  5  6  7  8  9 10 |
---------------+-------------------------------+-----
Conjurations   | 1 2 3 4 6 |  6.0
Stealth        | 2 4 |  4.1
Fighting       | 4 6 |  6.1
Air Magic      | 3 |  3.1
Poison Magic   | 3 |  3.0
Dodging        | 2 7 |  7.0
Spellcasting   | 4 7 |  7.0
Polearms       | 2 10 | 10.5
Charms         | |  1.7
Translocations | |  1.1
Transmutations | |  1.0
Evocations     | |  0.4

Action                   |  1- 3 |  4- 6 |  7- 9 | 10-12 || total
-------------------------+-------+-------+-------+-------++-------
Melee: Club              |    10 |       |       |       ||    10
       Rapier            |    13 |     2 |       |       ||    15
       Kick              |     3 |     4 |    18 |    30 ||    55
       Headbutt          |     2 |     2 |    20 |    27 ||    51
       Morningstar       |       |    14 |       |       ||    14
       Spear             |       |     8 |   100 |       ||   108
       Scythe            |       |       |    11 |   143 ||   154
Throw: Throwing net      |       |       |     1 |       ||     1
 Cast: Magic Dart        |   172 |   188 |   566 |    74 ||  1000
       Blink             |     5 |    13 |    15 |    11 ||    44
       Conjure Flame     |       |     4 |    23 |     9 ||    36
       Mephitic Cloud    |       |     2 |    14 |    10 ||    26
       Call Imp          |       |       |       |     3 ||     3
Evoke: Wand              |       |     4 |     4 |       ||     8
  Use: Potion            |     6 |     5 |       |     3 ||    14
       Scroll            |     3 |       |     4 |    10 ||    17
 Stab: Sleeping          |     2 |       |     2 |     1 ||     5
       Distracted        |     1 |       |       |       ||     1
       Confused          |       |     1 |     4 |     2 ||     7
  Eat: Chunk             |     7 |     9 |    14 |     4 ||    34
       Ration            |       |     1 |     3 |     4 ||     8
Armor: Robe              |    13 |    11 |    27 |    13 ||    64
Dodge: Dodged            |    48 |    63 |   153 |    99 ||   363
